[Event "Titled Tuesday Blitz August 15 Late 2023"]
[White "Kielinkei"]
[Black "Deng, Henry"]
[BlackFideId "30965454"]
[WhiteElo "2401"]
[BlackElo "2531"]
[Result "0-1"]
[Round "7"]
[TimeControl "180+1"]
[Date "2023.08.15"]
[WhiteClock "0:00:00"]
[BlackClock "0:00:14"]
[Board "93"]

1. b3 d5 2. Bb2 Bf5 3. d3 e6 4. Nd2 h6 5. g3 Nf6 6. Bg2 Be7 7. e4 Bg6 8. Qe2 O-O 9. Ngf3 Nbd7 10. O-O c6 11. e5 Ne8 12. h4 a5 13. a4 Nc7 14. Nh2 b5 15. h5 Bh7 16. Ng4 bxa4 17. Rxa4 Nb6 18. Raa1 a4 19. Bd4 c5 20. Be3 Kh8 21. b4 Nd7 22. bxc5 Bxc5 23. Bxc5 Nxc5 24. Nf3 Qe7 25. Nd4 Qd7 26. Rfb1 Rfb8 27. Rxb8+ Rxb8 28. Qe3 N7a6 29. Bf1 Qb7 30. Be2 Qb2 31. Rf1 a3 32. Nxh6 gxh6 33. Qxh6 Nd7 34. Nf3 Rg8 35. Ng5 Rg7 36. Nxh7 Rxh7 37. Qc1 Qxc1 38. Rxc1 Nb4 39. c3 Nc6 40. Ra1 Ndxe5 41. Rxa3 Rg7 42. Kg2 Kh7 43. d4 Ng4 44. Ra8 Nf6 45. Bd3+ Ne4 46. Kf1 Rg8 0-1


[Site "https://www.chess.com"]

[Event "Titled Tuesday Blitz August 15 Late 2023"]
[White "Santos Flores, Alberto"]
[Black "Fernandez Garcia, Gumersindo"]
[WhiteFideId "3601234"]
[BlackFideId "24516740"]
[WhiteElo "2516"]
[BlackElo "2397"]
[Result "0-1"]
[Round "7"]
[TimeControl "180+1"]
[Date "2023.08.15"]
[WhiteClock "0:00:00"]
[BlackClock "0:00:14"]
[Board "94"]

1. e4 c5 2. Nf3 e6 3. g3 g6 4. d4 Bg7 5. dxc5 Qa5+ 6. c3 Qxc5 7. Na3 Nf6 8. Be3 Qc6 9. Bg2 O-O 10. e5 Ng4 11. Bf4 Qc5 12. Qe2 Nc6 13. O-O Ngxe5 14. Nxe5 Nxe5 15. Nb5 a6 16. Nd4 Nc6 17. Nb3 Qb5 18. Qxb5 axb5 19. Bd6 Re8 20. Rfd1 b4 21. Bxc6 bxc6 22. Bxb4 d5 23. Bc5 Ba6 24. f4 Bc4 25. Bd4 Bxb3 26. axb3 Rxa1 27. Rxa1 Bxd4+ 28. cxd4 Rb8 29. Ra3 Rb4 30. Kf2 Rxd4 31. Ke3 Rb4 32. Kd2 c5 33. Kc3 Rb5 34. Ra8+ Kg7 35. Rc8 h5 36. h3 Kf6 37. g4 hxg4 38. hxg4 g5 39. fxg5+ Kxg5 40. Rc7 Kg6 41. Rc8 f5 42. gxf5+ Kxf5 43. Rc7 Ke4 44. Rc8 e5 45. Rc7 Ke3 46. Rh7 d4+ 47. Kc4 Rb4+ 48. Kxc5 Rxb3 49. Re7 e4 50. Kd5 Rb5+ 51. Kc4 Rxb2 52. Kd5 Rb5+ 53. Kc4 Rh5 54. Rd7 d3 55. Rg7 d2 56. Rd7 Ke2 0-1


[Site "https://www.chess.com"]

[Event "Titled Tuesday Blitz August 15 Late 2023"]
[White "Reprintsev, Alexander"]
[Black "Bryant, Todd"]
[WhiteFideId "14100541"]
[BlackFideId "2031299"]
[WhiteElo "2495"]
[BlackElo "2367"]
[Result "1-0"]
[Round "7"]
[TimeControl "180+1"]
[Date "2023.08.15"]
[WhiteClock "0:00:23"]
[BlackClock "0:00:02"]
[Board "95"]

1. e4 c5 2. b3 g6 3. Bb2 Nf6 4. e5 Nd5 5. Nc3 Nb4 6. a3 N4c6 7. Ne4 Bg7 8. Nxc5 Bxe5 9. Bxe5 Nxe5 10. Qe2 Nbc6 11. f4 d6 12. Ne4 Nd4 13. Qd1 Bf5 14. fxe5 Bxe4 15. d3 Qa5+ 16. b4 Qxe5 17. dxe4 Nxc2+ 18. Qxc2 Qxa1+ 19. Kf2 O-O 20. Nf3 Qxa3 21. Qd2 Rac8 22. Be2 Rc7 23. h4 h5 24. Qh6 Rfc8 25. Ng5 e6 26. Rh3 Qxb4 27. Rf3 Qd4+ 28. Kg3 Qg7 29. Qxg7+ Kxg7 30. Kf2 f6 31. Nxe6+ Kf7 32. Nxc7 Rxc7 33. Ra3 a6 34. Ke3 Ke7 35. Kd4 b5 36. Rxa6 Rc2 37. Ra7+ Ke6 38. Bxb5 d5 39. Ra6+ Ke7 40. exd5 Rxg2 41. Re6+ Kf7 42. Be8+ Kg7 43. Re7+ Kh6 44. d6 Rd2+ 45. Kc5 g5 46. hxg5+ fxg5 47. d7 h4 48. Re6+ Kg7 49. Rd6 Rc2+ 50. Kd5 Rd2+ 51. Ke5 Re2+ 52. Kf5 Re7 53. d8=Q Rf7+ 54. Bxf7 h3 55. Qg8# 1-0


[Site "https://www.chess.com"]

[Event "Titled Tuesday Blitz August 15 Late 2023"]
[White "Jovic, Stanoje"]
[Black "Bogaudinov, Rushan"]
[WhiteFideId "905020"]
[BlackFideId "4129288"]
[WhiteElo "2481"]
[BlackElo "2349"]
[Result "1-0"]
[Round "7"]
[TimeControl "180+1"]
[Date "2023.08.15"]
[WhiteClock "0:00:37"]
[BlackClock "0:00:35"]
[Board "96"]

1. c4 Nf6 2. g3 h5 3. h3 d5 4. cxd5 Qxd5 5. Nf3 e5 6. Nc3 Qc6 7. e4 a6 8. Nxe5 Qe6 9. d4 Bb4 10. Bg2 O-O 11. O-O c5 12. f4 Rd8 13. d5 Qe8 14. Be3 Nc6 15. a3 Bxc3 16. bxc3 Nxe5 17. fxe5 Qxe5 18. Bf4 Qe8 19. e5 Nxd5 20. Bxd5 Bxh3 21. Rf2 Bg4 22. Qb3 Qe7 23. Qxb7 Qxb7 24. Bxb7 Ra7 25. Bf3 Rd3 26. Bxg4 hxg4 27. Rc1 Rb7 28. Rd2 Rf3 29. Rf2 Rd3 30. Kg2 Rb3 31. c4 Rxa3 32. Rb1 g5 33. Bxg5 Rxg3+ 34. Kf1 Rgf3 35. Rxf3 Rxf3+ 36. Kg2 Rc3 37. Bf6 Rxc4 38. Rh1 Rc2+ 39. Kg3 Rc3+ 40. Kxg4 1-0


[Site "https://www.chess.com"]

[Event "Titled Tuesday Blitz August 15 Late 2023"]
[White "Dinu, Dumitru-Daniel"]
[Black "ciroreva-CB"]
[WhiteFideId "1208403"]
[WhiteElo "2481"]
[BlackElo "2342"]
[Result "0-1"]
[Round "7"]
[TimeControl "180+1"]
[Date "2023.08.15"]
[WhiteClock "0:00:07"]
[BlackClock "0:00:09"]
[Board "97"]

1. Nf3 d5 2. c4 c6 3. d4 Nf6 4. Nc3 dxc4 5. e4 b5 6. e5 Nd5 7. a4 a6 8. axb5 Nxc3 9. bxc3 cxb5 10. Ng5 e6 11. Qf3 Ra7 12. Be3 Qd5 13. Qg3 h6 14. Nh3 Bb7 15. Nf4 Qe4 16. Nh5 Nd7 17. Nxg7+ Bxg7 18. Qxg7 Rf8 19. d5 Bxd5 20. Qxh6 Nxe5 21. f3 Nd3+ 22. Bxd3 Qxd3 23. Bxa7 Qxc3+ 24. Kf2 Qb2+ 25. Ke3 Qc3+ 26. Ke2 Qd3+ 27. Kf2 Qc2+ 28. Kg1 Bxf3 29. Bf2 Rg8 30. Qh3 Bxg2 31. Qxg2 Rxg2+ 32. Kxg2 Qe4+ 33. Kh3 Qf5+ 34. Kg2 Qe4+ 35. Kg1 b4 36. Bg3 b3 37. Kf2 b2 38. Rab1 c3 39. Rbe1 Qxe1+ 40. Rxe1 c2 41. Bf4 b1=Q 42. Bc1 a5 43. Ke2 a4 44. Ba3 Qb3 45. Bc1 a3 46. Bd2 a2 47. Rf1 Qc4+ 48. Ke3 Qxf1 0-1


[Site "https://www.chess.com"]

[Event "Titled Tuesday Blitz August 15 Late 2023"]
[White "Arencibia Monduy, Antonio"]
[Black "Harish, Neeraj"]
[WhiteFideId "3507939"]
[BlackFideId "30958130"]
[WhiteElo "2467"]
[BlackElo "2335"]
[Result "1-0"]
[Round "7"]
[TimeControl "180+1"]
[Date "2023.08.15"]
[WhiteClock "0:00:48"]
[BlackClock "0:00:24"]
[Board "98"]

1. e4 c6 2. d4 d5 3. e5 Bf5 4. c3 e6 5. Nf3 c5 6. Bb5+ Nc6 7. O-O Qb6 8. Ba4 Ne7 9. Nbd2 Bg6 10. Nb3 Nf5 11. dxc5 Bxc5 12. Nxc5 Qxc5 13. b4 Qb6 14. g4 Ne7 15. Nd4 O-O 16. Nxc6 Nxc6 17. Be3 Qc7 18. f4 Be4 19. Rc1 f6 20. Bc5 fxe5 21. Bxf8 Rxf8 22. Bxc6 bxc6 23. fxe5 Qxe5 24. Rxf8+ Kxf8 25. Qd4 Qg5 26. Rf1+ Ke8 27. h3 Qh4 28. Qe5 Qd8 29. Qxg7 Qe7 30. Qg8+ Kd7 31. Rf7 1-0


[Site "https://www.chess.com"]

[Event "Titled Tuesday Blitz August 15 Late 2023"]
[White "Baches Garcia, Guillermo"]
[Black "Cheer_Down"]
[WhiteFideId "2209764"]
[WhiteElo "2462"]
[BlackElo "2325"]
[Result "1-0"]
[Round "7"]
[TimeControl "180+1"]
[Date "2023.08.15"]
[WhiteClock "0:00:07"]
[BlackClock "0:00:03"]
[Board "99"]

1. e4 c5 2. Nf3 d6 3. d4 cxd4 4. Nxd4 Nf6 5. Nc3 a6 6. Be3 e5 7. Nb3 Be6 8. f3 h5 9. Nd5 Bxd5 10. exd5 Nbd7 11. Qd2 g6 12. O-O-O Nb6 13. Bg5 Be7 14. Kb1 Rc8 15. Qa5 Nbxd5 16. Qxd8+ Rxd8 17. c4 Nb4 18. a3 Nc6 19. Bd3 Nd7 20. Be3 f5 21. Rhe1 Kf7 22. h3 h4 23. f4 e4 24. Bc2 Nc5 25. Nc1 a5 26. Ne2 Rhg8 27. Nc3 g5 28. Rd2 gxf4 29. Bxf4 Ne5 30. b3 Ke6 31. Nd5 Ncd3 32. Bxd3 exd3 33. Rxd3 Rxg2 34. Rde3 Bf6 35. Nc7+ Kf7 36. Nd5 Rb8 37. c5 Bg7 38. cxd6 Ng6 39. R3e2 Rxe2 40. Rxe2 Nxf4 41. Nxf4 Rd8 42. Re7+ Kf6 43. Nd5+ Kg6 44. d7 Bf6 45. Re6 Kf7 46. Rxf6+ Kg7 47. Rd6 Kf7 48. Nf4 Ke7 49. Rd2 Rxd7 50. Rxd7+ Kxd7 51. Ng6 Ke6 52. Nxh4 Kd5 53. Kc2 Ke4 54. Ng6 f4 55. Nh4 f3 56. Nxf3 Ke3 57. Nd2 1-0


[Site "https://www.chess.com"]

[Event "Titled Tuesday Blitz August 15 Late 2023"]
[White "Jakic, Ivan"]
[Black "Szente Varga, Fruzsina"]
[WhiteFideId "14504901"]
[BlackFideId "712264"]
[WhiteElo "2451"]
[BlackElo "2321"]
[Result "1-0"]
[Round "7"]
[TimeControl "180+1"]
[Date "2023.08.15"]
[WhiteClock "0:01:52"]
[BlackClock "0:00:26"]
[Board "100"]

1. e4 c5 2. Nf3 Nc6 3. Bb5 g6 4. Bxc6 dxc6 5. O-O Bg7 6. d3 e5 7. Nc3 Qc7 8. Be3 b6 9. h3 Nf6 10. Qd2 h6 11. Nh2 Nd7 12. f4 Nf8 13. f5 gxf5 14. exf5 Nd7 15. Ne4 Nf6 16. Nxf6+ Bxf6 17. Ng4 Be7 18. Bxh6 Bd7 19. Rae1 O-O-O 20. Nxe5 Rh7 21. Bf4 Bd6 22. Nc4 Bxf4 23. Qxf4 Qxf4 24. Rxf4 Kc7 25. Re7 b5 26. Ne5 Kd6 27. Rxd7+ Rxd7 28. Nxd7 Kxd7 29. Kf2 f6 30. Re4 Rh5 31. Rf4 Kd6 32. Kf3 Ke5 33. c3 a5 34. h4 Kd5 35. g3 b4 36. c4+ Ke5 37. Re4+ Kxf5 38. g4+ Kg6 39. gxh5+ 1-0


[Site "https://www.chess.com"]

[Event "Titled Tuesday Blitz August 15 Late 2023"]
[White "Barwinska, Ewa"]
[Black "Radivojevic, Ivan"]
[WhiteFideId "21833761"]
[BlackFideId "928461"]
[WhiteElo "2294"]
[BlackElo "2442"]
[Result "1-0"]
[Round "7"]
[TimeControl "180+1"]
[Date "2023.08.15"]
[WhiteClock "0:00:09"]
[BlackClock "0:00:16"]
[Board "101"]

1. e4 c6 2. d4 d5 3. Nc3 dxe4 4. Nxe4 Nf6 5. Nxf6+ gxf6 6. c3 Bf5 7. Bd3 Bg6 8. Ne2 e6 9. Bf4 Bd6 10. Qd2 Qc7 11. g3 Nd7 12. O-O-O O-O-O 13. h4 e5 14. Be3 Nb6 15. h5 Bxd3 16. Qxd3 Nd5 17. c4 Nxe3 18. fxe3 exd4 19. exd4 Rdg8 20. Qf5+ Kb8 21. Qxf6 Bxg3 22. Nxg3 Qxg3 23. Qxf7 Rf8 24. Qe6 Re8 25. Qh3 Qf4+ 26. Kb1 Re2 27. Rhf1 Qe4+ 28. Qd3 Qg2 29. Qb3 Rc8 30. Rf7 Rc7 31. Rf8+ Rc8 32. Rf7 Rc7 33. Rxc7 Kxc7 34. d5 Qe4+ 35. Ka1 c5 36. Qg3+ Kb6 37. Qd6+ Ka5 38. Qxc5+ Ka4 39. Qa3# 1-0


[Site "https://www.chess.com"]

[Event "Titled Tuesday Blitz August 15 Late 2023"]
[White "MrAnnihilation"]
[Black "Zampronha, Wladimir Camilo"]
[BlackFideId "2103087"]
[WhiteElo "2435"]
[BlackElo "2253"]
[Result "0-1"]
[Round "7"]
[TimeControl "180+1"]
[Date "2023.08.15"]
[WhiteClock "0:00:00"]
[BlackClock "0:00:25"]
[Board "102"]

1. e4 c5 2. Nf3 e6 3. d3 Nc6 4. g3 d5 5. Qe2 Nge7 6. Bg2 g6 7. O-O Bg7 8. c3 O-O 9. e5 b5 10. Re1 a5 11. h4 b4 12. Nbd2 Ba6 13. Nf1 a4 14. a3 bxc3 15. bxc3 Rb8 16. Bf4 Rb3 17. Rec1 Qa5 18. Bd2 Rfb8 19. N1h2 Rb2 20. Ng4 Nf5 21. h5 Qb5 22. Bf1 Qb3 23. Qe1 Rc2 24. h6 Rxc1 25. Bxc1 Bf8 26. Nf6+ Kh8 27. Ng5 Rb7 28. Ngxh7 Nxh6 29. Nxf8 Nf5 30. Qd2 Kg7 31. N8d7 Nxe5 32. Nxc5 Nf3+ 33. Kg2 Nxd2 34. Bxd2 Qc2 35. Bg5 Qxc3 36. Nxa6 Qxa1 37. Nc5 Rb1 38. Be2 Rg1+ 39. Kf3 Qd4 40. Ng4 Qxc5 0-1


[Site "https://www.chess.com"]

[Event "Titled Tuesday Blitz August 15 Late 2023"]
[White "Fiorito, Joaquin"]
[Black "Labussiere, Yago"]
[WhiteFideId "180173"]
[BlackFideId "2186969"]
[WhiteElo "2649"]
[BlackElo "2368"]
[Result "1-0"]
[Round "7"]
[TimeControl "180+1"]
[Date "2023.08.15"]
[WhiteClock "0:02:23"]
[BlackClock "0:01:41"]
[Board "103"]

1. d4 Nf6 2. c4 g6 3. Nc3 d6 4. e4 Bg7 5. h3 O-O 6. Be3 e5 7. d5 a5 8. g4 Na6 9. Qd2 Nc5 10. f3 c6 11. Nge2 cxd5 12. cxd5 a4 13. Nc1 Qa5 14. h4 Bd7 15. h5 b5 16. Nd3 b4 17. Ne2 Nxd3+ 18. Qxd3 Bb5 19. Qd2 Rac8 20. hxg6 fxg6 21. Ng3 Rf7 22. Bxb5 Qxb5 23. Rc1 Rfc7 24. Rxc7 Rxc7 25. Kf2 Nd7 26. Rc1 Rc4 27. Qe2 Nb6 28. b3 axb3 29. axb3 Rc5 30. Bxc5 Qxe2+ 31. Kxe2 dxc5 32. Rxc5 1-0


[Site "https://www.chess.com"]

[Event "Titled Tuesday Blitz August 15 Late 2023"]
[White "Topalov, Aleksandar"]
[Black "Cnejev, Vladimir-Alexandru"]
[WhiteFideId "925659"]
[BlackFideId "1260898"]
[WhiteElo "2366"]
[BlackElo "2561"]
[Result "0-1"]
[Round "7"]
[TimeControl "180+1"]
[Date "2023.08.15"]
[WhiteClock "0:00:00"]
[BlackClock "0:00:02"]
[Board "104"]

1. b3 Nf6 2. Bb2 g6 3. Bxf6 exf6 4. c4 Bg7 5. Nc3 O-O 6. e3 f5 7. Nge2 d6 8. g3 c6 9. Bg2 Re8 10. O-O Nd7 11. Rb1 a5 12. a3 Nf6 13. d3 Qc7 14. b4 axb4 15. axb4 Bd7 16. b5 Ra3 17. Qc1 Rea8 18. Qb2 Ne8 19. d4 Qa5 20. bxc6 bxc6 21. Qb6 Qxb6 22. Rxb6 R3a6 23. Rb7 R6a7 24. Rxd7 Rxd7 25. Bxc6 Rda7 26. Nb5 Ra2 27. Nec3 Ra1 28. Bxa8 Rxa8 29. Nd5 Kf8 30. Nbc7 Nxc7 31. Nxc7 Rc8 32. Nd5 Rxc4 33. Rb1 Rc8 34. h4 h5 35. Rb6 Rd8 36. Rb7 Kg8 37. Kg2 Bf8 38. Kf3 Kg7 39. Ke2 Ra8 40. Rb5 Ra2+ 41. Kf3 Ra6 42. Nf4 Ra7 43. Rb8 Ra5 44. Rb7 Kf6 45. Kg2 Be7 46. Nh3 Ra2 47. Ng5 Ra5 48. Nh3 Ra2 49. Nf4 Ra5 50. Kf3 Bd8 51. Rd7 Be7 52. Rb7 Bd8 53. Ke2 Be7 54. Kd3 Bd8 55. Kc4 Ra2 56. Nd5+ Kg7 57. f4 Rg2 58. Rd7 Bf6 59. Nc7 Rxg3 60. Ne8+ Kf8 61. Nxf6 Rxe3 62. Kd5 Rh3 63. Rc7 Rxh4 64. Nd7+ Kg7 65. Nb6 Rxf4 66. Nc8 h4 67. Nxd6 h3 68. Nxf7 Kf6 69. Ne5 Rh4 70. Rc1 h2 0-1


[Site "https://www.chess.com"]

[Event "Titled Tuesday Blitz August 15 Late 2023"]
[White "Vifleemskaia, Svetlana"]
[Black "Gamayev, Oleg"]
[WhiteFideId "4129490"]
[BlackFideId "2802813"]
[WhiteElo "2365"]
[BlackElo "2559"]
[Result "0-1"]
[Round "7"]
[TimeControl "180+1"]
[Date "2023.08.15"]
[WhiteClock "0:00:00"]
[BlackClock "0:01:38"]
[Board "105"]

1. d4 d6 2. c4 Nf6 3. Nc3 e5 4. dxe5 dxe5 5. Qxd8+ Kxd8 6. Bg5 Be7 7. O-O-O+ Nfd7 8. Bxe7+ Kxe7 9. Nd5+ Kd8 10. Nf3 f6 11. h4 c6 12. Nc3 Kc7 13. h5 Nc5 14. b4 Ne6 15. e3 a5 16. a3 axb4 17. axb4 Ra1+ 18. Kc2 Rxd1 19. Nxd1 Na6 20. Kc3 h6 21. Nb2 Bd7 22. c5 Nb8 23. Nc4 Be8 24. g4 Nd7 25. Bd3 b6 26. Bf5 Nef8 27. cxb6+ Nxb6 28. Nxb6 Kxb6 29. Rd1 Kc7 30. Ra1 Nd7 31. Ra7+ Kd6 32. Ra8 Nb6 33. Ra7 Bd7 34. e4 Ra8 35. Rxa8 Nxa8 36. Nh4 Be8 37. Bg6 Bd7 38. Bf5 Nc7 39. Kc4 Be8 40. Bc8 Bf7+ 41. Kd3 Ne8 42. Nf5+ Kc7 43. Ba6 Be6 44. Ne3 Nd6 45. f3 Kb6 46. Bc4 Bd7 47. Kc3 c5 48. bxc5+ Kxc5 49. Bg8 Bb5 50. Bb3 Be2 51. Bd1 Ba6 52. Nf5 Nxf5 53. exf5 Bb7 54. Be2 Bc6 55. Bd1 Bb5 56. Bc2 Be2 57. Be4 Bd1 58. Ba8 Ba4 59. Be4 Bb5 60. Bb7 Bc4 61. Be4 Bd5 62. Bxd5 Kxd5 63. Kd3 Kc5 64. Kc3 Kd5 65. Kd3 Kd6 66. Ke3 Kc5 67. Kd3 Kd5 0-1


[Site "https://www.chess.com"]

[Event "Titled Tuesday Blitz August 15 Late 2023"]
[White "Golubev, Mikhail"]
[Black "Stachanczyk, Jacek"]
[WhiteFideId "14100983"]
[BlackFideId "1116657"]
[WhiteElo "2542"]
[BlackElo "2333"]
[Result "1-0"]
[Round "7"]
[TimeControl "180+1"]
[Date "2023.08.15"]
[WhiteClock "0:02:02"]
[BlackClock "0:01:37"]
[Board "107"]

1. e4 c6 2. d4 d5 3. Nc3 dxe4 4. Nxe4 Bf5 5. Ng3 Bg6 6. c3 Nd7 7. Nh3 e5 8. Qe2 Qe7 9. f4 exd4 10. f5 dxc3 11. fxg6 hxg6 12. Qxe7+ Nxe7 13. bxc3 Nd5 14. Bd2 O-O-O 15. O-O-O Rh4 16. Bg5 1-0


[Site "https://www.chess.com"]

[Event "Titled Tuesday Blitz August 15 Late 2023"]
[White "Musovic, Armin"]
[Black "Gerbelli Neto, Eduardo"]
[WhiteFideId "939935"]
[BlackFideId "2103281"]
[WhiteElo "2529"]
[BlackElo "2333"]
[Result "1-0"]
[Round "7"]
[TimeControl "180+1"]
[Date "2023.08.15"]
[WhiteClock "0:00:08"]
[BlackClock "0:00:03"]
[Board "108"]

1. a3 c5 2. Nc3 d5 3. e4 d4 4. Nce2 e5 5. Ng3 Nc6 6. Bb5 Ne7 7. Bxc6+ Nxc6 8. d3 Be7 9. N1e2 Be6 10. O-O O-O 11. f4 exf4 12. Bxf4 Bd6 13. Qd2 Ne5 14. h3 f6 15. Rf2 Qc7 16. Raf1 Rac8 17. Kh1 Rfd8 18. Bxe5 Bxe5 19. Nf5 c4 20. Qb4 Bxf5 21. Rxf5 a5 22. Qb5 cxd3 23. cxd3 b6 24. Nf4 Qd6 25. Nd5 Kh8 26. Qxb6 Rb8 27. Qxd6 Rxd6 28. b4 axb4 29. axb4 Rc6 30. b5 Rc2 31. b6 Rd2 32. R1f3 g6 33. Rxf6 Bxf6 34. Rxf6 Rxd3 35. Rd6 Rd1+ 36. Kh2 d3 37. Rd7 d2 38. Nf6 Rh1+ 39. Kg3 Rb7 40. Rxb7 d1=Q 41. Rxh7# 1-0


[Site "https://www.chess.com"]

[Event "Titled Tuesday Blitz August 15 Late 2023"]
[White "Sreyas Payyappat"]
[Black "Ouellet, Maili-Jade"]
[WhiteFideId "46674969"]
[BlackFideId "2620472"]
[WhiteElo "2528"]
[BlackElo "2332"]
[Result "1-0"]
[Round "7"]
[TimeControl "180+1"]
[Date "2023.08.15"]
[WhiteClock "0:00:14"]
[BlackClock "0:00:00"]
[Board "109"]

1. e4 c5 2. Nf3 d6 3. d4 cxd4 4. Nxd4 Nf6 5. Nc3 a6 6. h4 h5 7. Be2 Nc6 8. Be3 Bd7 9. f3 e6 10. Qd2 Be7 11. O-O-O b5 12. Nxc6 Bxc6 13. Bd3 Qd7 14. Rdg1 Qb7 15. Ne2 e5 16. Ng3 g6 17. Bg5 a5 18. Nf1 d5 19. exd5 Bxd5 20. Ne3 Bxa2 21. b3 a4 22. Bxf6 axb3 23. Bxh8 b2+ 24. Kxb2 Ba3+ 25. Ka1 Be6 26. Kb1 Ba2+ 27. Ka1 Be6 28. Qe2 Bb4+ 29. Kb2 Qc7 30. Bxb5+ Kf8 31. Nc4 Rb8 32. Bxe5 Qc5 33. Bd6+ Qxd6 34. Nxd6 Bxd6 35. Ra1 Bd7 36. c4 1-0


[Site "https://www.chess.com"]

[Event "Titled Tuesday Blitz August 15 Late 2023"]
[White "Kujawski, Adam"]
[Black "Karamsetty, Jeevan"]
[WhiteFideId "1100920"]
[BlackFideId "2025337"]
[WhiteElo "2323"]
[BlackElo "2513"]
[Result "1/2-1/2"]
[Round "7"]
[TimeControl "180+1"]
[Date "2023.08.15"]
[WhiteClock "0:00:05"]
[BlackClock "0:00:21"]
[Board "110"]

1. e4 g6 2. d4 d6 3. Nc3 Bg7 4. h3 a6 5. a4 e6 6. Nf3 Ne7 7. Be2 O-O 8. O-O Nbc6 9. Kh1 b6 10. Bg5 Bb7 11. Qd2 e5 12. dxe5 Nxe5 13. Nxe5 Bxe5 14. f4 Bg7 15. f5 f6 16. Bh6 d5 17. Bxg7 Kxg7 18. Rad1 dxe4 19. Qf4 Qc8 20. fxg6 hxg6 21. Bg4 f5 22. Qe5+ Kf7 23. Nxe4 Bxe4 24. Qxe4 Qe6 25. Qxe6+ Kxe6 26. Rfe1+ Kf6 27. Bf3 Rad8 28. g3 g5 29. Kg2 Ng6 30. Kf2 Ne5 31. Rxd8 Rxd8 32. Rd1 Re8 33. Be2 a5 34. Rd4 Re7 35. h4 g4 36. c3 Ng6 37. b4 axb4 38. cxb4 Ne5 39. a5 c5 40. bxc5 bxc5 41. Rd5 c4 42. a6 Ra7 43. Ra5 Ke6 44. Ke3 Kd6 45. Kd2 1/2-1/2


[Site "https://www.chess.com"]

[Event "Titled Tuesday Blitz August 15 Late 2023"]
[White "Berezin, Viktor"]
[Black "Okike, David"]
[WhiteFideId "14107872"]
[BlackFideId "8500134"]
[WhiteElo "2493"]
[BlackElo "2323"]
[Result "1-0"]
[Round "7"]
[TimeControl "180+1"]
[Date "2023.08.15"]
[WhiteClock "0:00:05"]
[BlackClock "0:00:08"]
[Board "111"]

1. g3 g6 2. Bg2 Bg7 3. e4 d6 4. Nc3 Nf6 5. d3 O-O 6. Nf3 c5 7. O-O Nc6 8. a4 Rb8 9. h3 Ne8 10. Nd2 Nc7 11. Nc4 Ne6 12. Kh2 Ned4 13. f4 Be6 14. Ne3 a6 15. f5 Bd7 16. Ncd5 Ne5 17. c3 Ndc6 18. d4 e6 19. dxe5 exd5 20. Nxd5 dxe5 21. f6 Bh8 22. Bh6 Re8 23. Qf3 Be6 24. Rad1 Qa5 25. Bg7 Bxg7 26. fxg7 Kxg7 27. h4 f5 28. h5 Rf8 29. Qe3 Rbe8 30. exf5 gxf5 31. Qg5+ Kh8 32. h6 Rf7 33. Nf6 Ref8 34. Rd6 Bc4 35. Rxf5 Qc7 36. Rd7 Qd8 37. Rxd8 Nxd8 38. Rxe5 Ne6 39. Rxe6 Bxe6 40. Be4 b6 41. g4 a5 42. Kg3 Bb3 43. Nxh7 Rg8 44. Qh5 Rxh7 45. Qe5+ Rhg7 46. hxg7+ Rxg7 47. Qb8+ Bg8 48. Qxb6 Bh7 49. Bxh7 Kxh7 50. Qxc5 Rb7 51. Qh5+ Kg7 52. Qxa5 Rxb2 53. Qe5+ Kg6 54. Qe3 Rb3 55. Kf4 Kf6 56. Qd4+ Kg6 57. g5 Rb2 58. Qf6+ Kh7 59. Qf5+ Kg7 60. Qg4 Rf2+ 61. Ke5 Rf7 62. g6 Rf6 63. Qd7+ Kxg6 64. Qg4+ Kf7 65. Qc4+ Kg6 66. a5 Rf5+ 67. Ke4 Rxa5 68. Qe6+ Kh5 69. Qf7+ Kg4 70. Qg6+ Kh3 71. c4 Ra2 72. Qf5+ Kg3 73. c5 Re2+ 74. Kd5 Rd2+ 75. Kc6 Re2 76. Kb6 Rb2+ 77. Kc7 Re2 78. c6 Re7+ 79. Kd8 Rf7 80. Qxf7 1-0


[Site "https://www.chess.com"]

[Event "Titled Tuesday Blitz August 15 Late 2023"]
[White "Garmendiarov"]
[Black "Kirillov, Dmitry"]
[BlackFideId "34180572"]
[WhiteElo "2304"]
[BlackElo "2466"]
[Result "0-1"]
[Round "7"]
[TimeControl "180+1"]
[Date "2023.08.15"]
[WhiteClock "0:00:03"]
[BlackClock "0:00:13"]
[Board "112"]

1. e4 e6 2. d4 b6 3. Nc3 Bb7 4. Nf3 Bb4 5. Bd3 c5 6. dxc5 Bxc5 7. O-O Be7 8. e5 d5 9. exd6 Bxd6 10. Nb5 Nc6 11. Nxd6+ Qxd6 12. Qe2 Nf6 13. Bg5 O-O-O 14. Rad1 Nd4 15. Nxd4 Qxd4 16. Ba6 Qc5 17. Be3 Qc6 18. Bxb7+ Kxb7 19. c4 Ne4 20. b4 e5 21. Qf3 Nf6 22. Qf5 Qe4 23. Qh3 Qg4 24. Qxg4 Nxg4 25. Bc1 h6 26. Bb2 e4 27. Bxg7 Rxd1 28. Rxd1 Rg8 29. Bc3 e3 30. fxe3 Nxe3 31. Rd2 Nxc4 32. Rd7+ Kc6 33. Rxf7 Rd8 34. Rf6+ Kb5 35. Rxh6 Rd3 36. Be1 Ne3 37. Kf2 Ng4+ 38. Ke2 Re3+ 39. Kd2 Rxe1 40. Rh5+ Re5 41. Rxe5+ Nxe5 42. h4 Kxb4 43. Ke3 Kc5 44. h5 Kd5 45. Kf4 Ke6 46. g4 Nf7 47. g5 Ke7 48. Kf5 Kf8 49. h6 Kg8 50. Kg6 Nh8+ 51. Kf6 Kh7 52. Kf5 Ng6 53. Ke6 Nf4+ 54. Ke5 Nd3+ 55. Kd4 Nb4 56. a4 Nc6+ 57. Kd5 Nb4+ 58. Kc4 Na6 59. Kb5 Nc5 60. a5 Nd7 61. a6 Kg6 62. Kc6 Nc5 63. Kb5 Kh7 64. Kc4 Nxa6 65. Kd4 Nc5 66. Kd5 Nd7 67. Ke6 Nf8+ 68. Kf7 Ng6 69. Kf6 a5 0-1


[Site "https://www.chess.com"]

[Event "Titled Tuesday Blitz August 15 Late 2023"]
[White "Shapiro, Daniel"]
[Black "ExchangeAB"]
[WhiteFideId "2001780"]
[WhiteElo "2296"]
[BlackElo "2428"]
[Result "1-0"]
[Round "7"]
[TimeControl "180+1"]
[Date "2023.08.15"]
[WhiteClock "0:00:06"]
[BlackClock "0:00:05"]
[Board "113"]

1. d4 Nf6 2. c4 c6 3. Nf3 d5 4. Qb3 e6 5. Nc3 dxc4 6. Qxc4 b5 7. Qb3 Bb7 8. Bg5 Nbd7 9. e4 h6 10. Bf4 b4 11. e5 Nh5 12. Be3 bxc3 13. Qxb7 Rb8 14. Qxc6 cxb2 15. Rb1 Qa5+ 16. Bd2 Bb4 17. Bd3 Nf4 18. Be4 Nxg2+ 19. Ke2 Bxd2 20. Nxd2 Nf4+ 21. Ke3 g5 22. Bc2 O-O 23. Nb3 Qxa2 24. Qe4 Rxb3+ 25. Kd2 Ng6 26. h4 Qa5+ 27. Kd1 Rb4 28. h5 Ndxe5 29. hxg6 Nxg6 30. Rxh6 Kg7 31. Rxg6+ fxg6 32. Qxg6+ Kh8 33. Qh7# 1-0


[Site "https://www.chess.com"]

[Event "Titled Tuesday Blitz August 15 Late 2023"]
[White "rikchessmx"]
[Black "Rego, Pedro Filipe"]
[BlackFideId "1904310"]
[WhiteElo "2292"]
[BlackElo "2420"]
[Result "0-1"]
[Round "7"]
[TimeControl "180+1"]
[Date "2023.08.15"]
[WhiteClock "0:01:33"]
[BlackClock "0:01:05"]
[Board "114"]

1. e4 c5 2. Nf3 d6 3. d4 cxd4 4. Nxd4 Nf6 5. Nc3 g6 6. f4 Bg7 7. e5 Nh5 8. Bb5+ Bd7 9. e6 Bxb5 10. exf7+ Kxf7 11. Ndxb5 Nc6 12. Qd5+ e6 13. Nxd6+ Ke7 14. Nxb7 Qxd5 15. Nxd5+ exd5 16. O-O Bd4+ 17. Kh1 Rab8 18. c3 Bb6 19. f5 Rxb7 20. Bg5+ Kf7 21. g4 h6 22. Bd2 Ng7 23. fxg6+ Kxg6 24. Rae1 Re7 25. h4 Rxe1 26. h5+ Kh7 27. Rxe1 Re8 0-1


[Site "https://www.chess.com"]

[Event "Titled Tuesday Blitz August 15 Late 2023"]
[White "Cooklev, Steven"]
[Black "Kula, Robert"]
[WhiteFideId "2050552"]
[BlackFideId "1101218"]
[WhiteElo "2418"]
[BlackElo "2270"]
[Result "1-0"]
[Round "7"]
[TimeControl "180+1"]
[Date "2023.08.15"]
[WhiteClock "0:00:06"]
[BlackClock "0:00:00"]
[Board "115"]

1. e4 e5 2. Bc4 Nf6 3. d3 Be7 4. f4 d6 5. Nf3 exf4 6. Bxf4 O-O 7. Nc3 Be6 8. Bb3 Bxb3 9. axb3 Nc6 10. O-O a6 11. Qd2 d5 12. e5 Nh5 13. d4 Nxf4 14. Qxf4 Qd7 15. Rae1 Nd8 16. Ne2 Ne6 17. Qg4 c5 18. Nf4 Kh8 19. Nh5 Qc6 20. c3 cxd4 21. Nxd4 Bc5 22. Kh1 Bxd4 23. cxd4 Rac8 24. Re3 Qb5 25. Ref3 Qd7 26. Rh3 Qe7 27. Nf6 gxf6 28. exf6 Qxf6 29. Rhf3 Qg6 30. Qh4 Nxd4 31. Qxd4+ Kg8 32. Rg3 Rc2 33. Rxg6+ hxg6 34. h3 b5 35. Qxd5 Rxb2 36. Rf6 Kg7 37. Rxa6 Rb1+ 38. Kh2 Rc8 39. Ra7 Rf8 40. Rb7 Rf1 41. Rxb5 Rf5 42. Qc6 Rf2 43. Rb7 Rf6 44. Qc3 g5 45. Rb6 Rc8 46. Qxf6+ Kf8 47. Rb7 Ke8 48. Qxf7+ 1-0


[Site "https://www.chess.com"]